 Dungeon Crawl Stone Soup version 0.30-b1-2-g02819fbbbe (webtiles) character file.

Game seed: 12108701625753108948

1695166 Flugkiller the Conqueror (level 26, 234/238 (266) HPs)
             Began as a Minotaur Fighter on May 14, 2023.
             Was the Champion of Ru.
             Escaped with the Orb
             ... and 3 runes!
             The game lasted 02:37:30 (69898 turns).

Flugkiller the Conqueror (Minotaur Fighter)        Turns: 69898, Time: 02:37:30

HP:   234/238 (266) AC: 45    Str: 23    XL:     26
MP:   17/17         EV: 19    Int:  9    God:    Ru [******]
Gold: 4234          SH: 21    Dex: 14    Spells: 25/25 levels left

rFire   + + .        a - +6 broad axe (freeze)
rCold   + + .        I - +0 tower shield {rC+ rF+}
rNeg    . . .        Y - +7 gold dragon scales
rPois   +            B - +2 hat
rElec   +            X - +1 cloak {Will+}
rCorr   +            Z - +0 pair of gloves
SInv    .            F - +2 pair of boots
Will    +....        M - amulet of the Sun {rElec Regen+ rCorr Int-4 Slay+3}
Stlth   x              - +6 ring of intelligence
HPRegen 1.39/turn    v - +5 ring of evasion
MPRegen 0.15/turn

%: random rage (3%)
@: studying 2 skills, heavily drained
A: horns 2, low MP 2, no stealth, no necromancy magic, no poison magic, no
transmutations magic, weak-willed 1, inexperienced 1, retaliatory headbutt,
hooves 1, berserk 1, deterioration 2, dopey 1, weak 1, subdued magic 2,
inability to drink after injury 1
0: Orb of Zot
}: 3/15 runes: abyssal, demonic, fiery
a: Renounce Religion, Draw Out Power, Power Leap, Apocalypse


You escaped.
You worshipped Ru.
Ru was exalted by your worship.
You visited 4 branches of the dungeon, and saw 25 of its levels.
You visited Pandemonium 2 times, and saw 15 of its levels.
You visited the Abyss 17 times.
You also visited: Gauntlet and Wizlab.

You collected 5051 gold pieces.
You spent 817 gold pieces at shops.

Inventory:

Hand Weapons
 a - a +6 broad axe of freezing (weapon)
   (You took it off an orc warrior on level 9 of the Dungeon)
 b - a +5 sacred scourge of holy wrath
   (You found it on level 2 of the Abyss)
 V - a +2 war axe of distortion
   (You took it off an orc knight on level 15 of the Dungeon)
Missiles
 o - 6 silver javelins
 s - 5 throwing nets
 u - 7 javelins
 J - 7 curare-tipped darts (quivered)
Armour
 B - a +2 hat (worn)
   (You found it on level 1 of the Realm of Zot)
 D - a +2 tower shield of positive energy
   (You took it off a demonspawn warmonger in Pandemonium)
 F - a +2 pair of boots (worn)
   (You found it on level 2 of the Dungeon)
 I - a +0 tower shield of resistance (worn)
   (You took it off a balrug in Pandemonium)
 X - a +1 cloak of willpower (worn)
   (You took it off a draconian stormcaller on level 2 of the Realm of Zot)
 Y - +7 gold dragon scales (worn)
   (You took it off Parghit on level 3 of the Realm of Zot)
 Z - a +0 pair of gloves (worn)
   (You found it on level 2 of the Dungeon)
Jewellery
 c - the amulet of Zeicw {Reflect rPois rF+ rN+ Str-4 SH+5}
   (You took it off an efreet in Pandemonium)

   [amulet of reflection]

   It reflects blocked missile attacks.
   Str:       It affects your strength (-4).
   rF:        It protects you from fire.
   rPois:     It protects you from poison.
   rN:        It protects you from negative energy.
   SH:        It affects your SH (+5).
 e - the ring "Kucvur" {rF- Will++ SInv}
   (You found it in Pandemonium)

   [ring of see invisible]

   rF:        It makes you vulnerable to fire.
   SInv:      It lets you see invisible.
   Will:      It greatly increases your willpower.
 p - a ring of protection from fire
   (You found it on level 10 of the Dungeon)
 v - a +5 ring of evasion (right hand)
   (You found it on level 4 of the Dungeon)
 x - a +6 ring of intelligence (left hand)
   (You found it on level 1 of the Depths)
 M - the amulet of the Sun (around neck) {rElec Regen+ rCorr Int-4 Slay+3}
   (You found it in a Gauntlet)

   [amulet of regeneration]

   Int:       It affects your intelligence (-4).
   Slay:      It affects your accuracy & damage with ranged weapons and melee
   (+3).
   rElec:     It insulates you from electricity.
   Regen:     It increases your rate of health regeneration.
   rCorr:     It protects you from acid and corrosion.
 R - a +4 ring of protection
   (You found it in a Gauntlet)
 S - the ring "Enkalo" {rN+ Str+2}
   (You found it in a Gauntlet)

   [ring of positive energy]

   Str:       It affects your strength (+2).
   rN:        It protects you from negative energy.
 U - the ring "Zuriaf" {Will+ rCorr Dex+3}
   (You found it in a Gauntlet)

   [ring of willpower]

   Dex:       It affects your dexterity (+3).
   rCorr:     It protects you from acid and corrosion.
   Will:      It increases your willpower.
Wands
 g - a wand of roots (17)
   (You found it on level 5 of the Dungeon)
 A - a wand of acid (13)
   (You found it on level 7 of the Dungeon)
 G - a wand of paralysis (4)
   (You found it on level 9 of the Dungeon)
 H - a wand of mindburst (26)
   (You took it off a tengu conjurer on level 2 of the Depths)
 O - a wand of digging (4)
   (You found it on level 13 of the Dungeon)
Scrolls
 j - 5 scrolls of vulnerability
 k - a scroll of summoning
 l - 3 scrolls of poison
 m - 4 scrolls of immolation
 r - 2 scrolls of silence
 t - 10 scrolls of teleportation
 L - 8 scrolls of fear
 Q - 2 scrolls of fog
 W - a scroll of magic mapping
Potions
 d - 3 potions of might
 f - 4 potions of flight
 h - 2 potions of haste
 i - 3 potions of lignification
 n - a potion of resistance
 q - 8 potions of curing
 w - 6 potions of heal wounds
 C - 5 potions of cancellation
 E - 2 potions of invisibility
 K - 7 potions of magic
 P - 3 potions of attraction
 T - 3 potions of ambrosia
Miscellaneous
 y - a phantom mirror
   (You found it on level 14 of the Dungeon)
 N - a phial of floods
   (You found it on level 11 of the Dungeon)


   Skills:
 O Level 27 Fighting
 - Level 18.0 Axes
 + Level 22.2 Throwing
 O Level 27 Armour
 + Level 23.3 Dodging
 - Level 20.0 Shields
 - Level 15.0 Evocations


You had 25 spell levels left.
You didn't know any spells.
Your spell library contained the following spells:

 Spells                   Type           Power      Damage    Failure   Level
 Freeze                   Ice            0%         1d3       99%         1
 Summon Small Mammal      Summ           0%         N/A       99%         1
 Blink                    Tloc           0%         N/A       100%        2
 Call Canine Familiar     Summ           0%         N/A       100%        3
 Frozen Ramparts          Ice            0%         1d1       100%        3
 Hailstorm                Conj/Ice       0%         3d3       100%        3
 Inner Flame              Hex/Fire       0%         N/A       100%        3
 Ozocubu's Armour         Ice            0%         N/A       100%        3
 Portal Projectile        Hex/Tloc       0%         N/A       100%        3
 Summon Guardian Golem    Hex/Summ       0%         N/A       100%        3
 Tukima's Dance           Hex            0%         N/A       100%        3
 Volatile Blastmotes      Fire/Tloc      0%         2d10      100%        3
 Animate Armour           Summ/Erth      0%         N/A       100%        4
 Flame Wave               Conj/Fire      0%         2d4       100%        4
 Fulminant Prism          Conj/Hex       0%         3d5       100%        4
 Iskenderun's Mystic Bla  Conj/Tloc      0%         2d3       100%        4
 Leda's Liquefaction      Hex/Erth       0%         N/A       100%        4
 Manifold Assault         Tloc           0%         N/A       100%        4
 Sticky Flame             Conj/Fire      0%         2d3       100%        4
 Summon Ice Beast         Ice/Summ       0%         N/A       100%        4
 Lee's Rapid Deconstruct  Erth           0%         3d4*      100%        5
 Metabolic Englaciation   Hex/Ice        0%         N/A       100%        5
 Dispersal                Tloc           0%         N/A       100%        6
 Iron Shot                Conj/Erth      0%         9d1       100%        6
 Starburst                Conj/Fire      0%         6d3       100%        6
 Enfeeble                 Hex            0%         N/A       100%        7
 Malign Gateway           Summ/Tloc      0%         N/A       100%        7
 Disjunction              Tloc           0%         N/A       100%        8
 Necrotise                Necr           Unusable   1d4       N/A         1
 Sting                    Tmut/Pois      Unusable   1d3       N/A         1
 Poisonous Vapours        Pois/Air       Unusable   N/A       N/A         2
 Vampiric Draining        Necr           Unusable   2d6       N/A         3
 Anguish                  Hex/Necr       Unusable   N/A       N/A         4
 Dispel Undead            Necr           Unusable   3d6       N/A         4
 Ice Form                 Ice/Tmut       Unusable   N/A       N/A         4
 Olgreb's Toxic Radiance  Pois           Unusable   N/A       N/A         4
 Agony                    Necr           Unusable   N/A       N/A         5
 Blade Hands              Tmut           Unusable   N/A       N/A         5
 Irradiate                Conj/Tmut      Unusable   3d11      N/A         5
 Yara's Violent Unravell  Hex/Tmut       Unusable   3d3       N/A         5
 Simulacrum               Ice/Necr       Unusable   N/A       N/A         6
 Dragon Form              Tmut           Unusable   N/A       N/A         7
 Storm Form               Tmut/Air       Unusable   N/A       N/A         7
 Infestation              Necr           Unusable   N/A       N/A         8
 Death's Door             Necr           Unusable   N/A       N/A         9

Dungeon Overview and Level Annotations

Branches:
Dungeon (15/15)            Temple (1/1) D:5            Lair (0/5) D:10
    Orc (0/2) D:11         Vaults (0/5) D:14         Depths (4/4) D:15
    Zot (5/5) Depths:4     WizLab (visited)         Gauntlet (visited)

Altars:
Dithmenos
Elyvilon
Fedhas
Gozag
Hepliaklqana
Makhleb
Nemelex Xobeh
Okawaru
Qazlal
Ru
Sif Muna
Uskayaw
Wu Jian
Xom
Yredelemnul
The Shining One

Shops:
D:1 (   Depths:1 ::=   Depths:2 =[*!

Portals:
Hell: Depths:1 Depths:2 Depths:3 Depths:4
Abyss: Depths:3
Pandemonium: Depths:2
Ziggurat: Depths:2

Annotations:
D:10 exclusion: 2 oklob plants
Depths:1 exclusion: orange crystal statue
Zot:4 exclusion: door


Innate Abilities, Weirdness & Mutations

You have a pair of horns on your head.
Your magical capacity is very low. (-20% MP)
You cannot be stealthy.
You cannot study or cast Necromancy magic.
You cannot study or cast Poison magic.
You cannot study or cast Transmutations magic.
You are slightly weak-willed. (Will-)
You are somewhat inexperienced. (-1 XL)
You reflexively headbutt those who attack you in melee.
You have large cloven feet.
You sometimes lose your temper in combat.
Your body often deteriorates upon taking damage.
You are dopey. (Int -2)
You are weak. (Str -2)
Your spells are easier to cast, but less powerful.
You occasionally lose the ability to drink potions when taking damage.


Message History

You block the sticky flame.
You redirect the sun demon's attack!
The sun demon hits itself!
The sun demon dies!
You closely miss the balrug. You headbutt the balrug.
You kill the balrug!
You see here a +0 demon whip.
No target in view!
(D) Dungeon (T) Temple (L) Lair (O) Orcish Mines (V) Vaults (U) Depths (H) Hell (Z) Zot
Where to? (Enter - D:1 @ (x,y), ? - help) 2 hell hounds come into view.
The hell hound barks! x2
A hell hound comes into view.
The hell hound barks!
You hear a bark!
A hell hound comes into view.
The hell hound breathes flames at you.
The blast of flame hits the hell hound.
The hell hound completely resists.
The blast of flame hits you but does no damage.
You block the hell hound's attack.
The hell hound attacks as you move away!
The hell hound misses you.
The hell hound attacks as you move away!
You block the hell hound's attack. The hell hound completely misses you.
The hell hound attacks as you move away!
You block the hell hound's attack.
The hell hound attacks as you move away!
You block the hell hound's attack. The hell hound breathes flames at you.
The blast of flame hits you but does no damage.
A sixfirhy comes into view.
The hell hound begins to attack, but is stunned by your conviction! x3
You redirect the hell hound's attack!
You block the hell hound's attack.
The hell hound attacks as you move away!
The hell hound is stunned by your conviction and fails to attack.
The hell hound attacks as you move away!
You block the hell hound's attack. The hell hound breathes flames at you.
The blast of flame misses you. The hell hound closely misses you.
You block the hell hound's attack.
The hell hound attacks as you move away!
The hell hound is stunned by your conviction and fails to attack.
You block the sixfirhy's attack.
The sixfirhy is stunned by your conviction and fails to attack.
The sixfirhy closely misses you. The sixfirhy hits you.
The sixfirhy shocks you. You resist.
You focus your inner power and slow the sixfirhy in retribution!
Some rock shatters into small pieces.
A cacodemon comes into view.
There is a fountain of clear blue water here.
You block the sixfirhy's attack.
The sixfirhy is stunned by your conviction and fails to attack.
The sixfirhy completely misses you. The cacodemon gestures at you.
Strange energies course through your body.
Your connection to magic feels more subdued.
The hell hound is stunned by your conviction and fails to attack.
The hell hound begins to attack, but is stunned by your conviction!
The hell hound attacks as you move away!
You block the hell hound's attack. The sixfirhy completely misses you.
You furiously retaliate!
You headbutt the sixfirhy!
The hell hound begins to attack, but is stunned by your conviction!
The hell hound attacks as you move away!
The hell hound closely misses you. You furiously retaliate!
You headbutt the hell hound.
The cacodemon begins to attack, but is stunned by your conviction!
A hell hound comes into view.
The hell hound begins to attack, but is stunned by your conviction!
You redirect the hell hound's attack!
You block the hell hound's attack.
The sixfirhy is no longer moving slowly.
You redirect the hell hound's attack!
The hell hound breathes flames at the cacodemon.
The blast of flame hits the hell hound.
The hell hound completely resists.
The blast of flame hits the cacodemon!
The hell hound breathes flames at you. The blast of flame misses you.
The sixfirhy is stunned by your conviction and fails to attack.
You block the sixfirhy's attack.
You redirect the sixfirhy's attack!
The sixfirhy hits the hell hound!
The sixfirhy shocks the hell hound!
The hell hound dies!
You block the sixfirhy's attack.
You redirect the hell hound's attack!
The cacodemon gestures next to you.
Some rock shatters into small pieces.
There is an open door here.
You redirect the hell hound's attack!
The cacodemon gestures next to the sixfirhy.
Some rock shatters into small pieces.
The hell hound begins to attack, but is stunned by your conviction!
The cacodemon begins to attack, but is stunned by your conviction!
You block the sixfirhy's attack. x3
The cacodemon begins to attack, but is stunned by your conviction!
There is a staircase leading out of the dungeon here.
Enter note: gg You block the sixfirhy's attack.
The sixfirhy hits you but does no damage.
You have escaped!

#.# #.########.###. #.# #.#
###.##.. ######.#
##+######....... #......#
#........#...##. #.####.#
###..##...#..##. #.###..##
######..##....#....
#.##..#.###...##..##.....#..#
#.#..###.##...##..##'.##..##.
#.#...#.###.@.##..###.##..##.
#.#.#..## #.3h##..###....#..#
#......# #..h##..##.h..#....
###.########'###..#....#..##.
#......##2hh##..h...#...##.
####.#.........⌠...#.......
#.##...[.†..............
#.#######..######.....##
#.#.#####'#####.#.....#


You could see a cacodemon, a sixfirhy and 4 hell hounds.

Vanquished Creatures
  Cerebov (Pan)
  A seraph (Pan)
  5 dread liches
  2 ancient liches
  4 orbs of fire
  A juggernaut (Depths:2)
  Saint Roka (Depths:4)
  Parghit (Zot:3)
  3 caustic shrikes
  2 Killer Klowns (Zot:2)
  2 curse toes
  3 pearl dragons
  the Enchantress (Depths:4)
  10 golden dragons
  11 bone dragons
  2 doom hounds (Zot:2)
  2 electric golems
  9 tentacled monstrosities
  3 Tzitzimimeh
  8 Brimstone Fiends (Pan)
  A hellephant (Abyss:3)
  A Hell Sentinel (Pan)
  A walking earthen tome (Depths:3)
  3 titans (Depths:3)
  3 Ice Fiends
  10 liches
  5 quicksilver dragons
  4 Orb Guardians (Zot:5)
  Grunn (Zot:2)
  A walking divine tome (Depths:3)
  24 tentacled starspawn
  A sphinx (Depths:3)
  11 Executioners
  4 death cobs
  A pandemonium lord (Pan)
  Kirke (D:14)
  9 storm dragons
  2 tengu reavers
  7 shadow dragons
  16 demonspawn warmongers (Pan)
  6 draconian monks
  13 daevas (Pan)
  2 revenants
  6 frost giants
  95 balrugs
  An iron dragon (Depths:2)
  7 fire giants
  4 draconian knights
  18 angels (Pan)
  7 draconian scorchers
  10 cacodemons
  A ghost moth (Zot:3)
  4 demonspawn corrupters (Pan)
  6 spriggan defenders
  26 very ugly things
  15 reapers
  4 demonspawn blood saints (Pan)
  6 draconian annihilators
  5 draconian stormcallers
  28 apis (Pan)
  7 stone giants
  2 deep elf demonologists (Abyss:1)
  12 green draconians
  2 vampire knights (Depths:2)
  7 black draconians
  22 ophanim
  A putrid mouth (Zot:2)
  A dire elephant (D:15)
  5 lorocyprocas
  2 pale draconians
  10 yellow draconians
  5 spark wasps
  7 purple draconians
  11 white draconians
  14 red draconians
  A minotaur (Gauntlet)
  An eidolon (Abyss:1)
  5 demonspawn black suns
  An ettin (Depths:2)
  A blizzard demon (Pan)
  10 fire dragons
  4 green deaths
  6 jiangshi
  A merfolk impaler (Depths:1)
  Josephine (D:14)
  A merfolk javelineer (Depths:2)
  4 great orbs of eyes
  11 rakshasas
  2 hell beasts (Pan)
  9 ice dragons
  8 spriggan air magi
  2 catoblepae (D:14)
  2 hydras
  5 centaur warriors
  A death knight (Abyss:1)
  A fenstrider witch skeleton (Abyss:1)
  5 two-headed ogres
  A dancing weapon (D:14)
  5 deep troll shamans
  A boulder beetle (D:10)
  An anaconda (shapeshifter) (Depths:1)
  4 tengu warriors
  4 spriggan berserkers
  4 vampire magi
  20 thrashing horrors
  5 deep troll earth magi
  8 hell knights
  8 hell hogs
  4 soul eaters
  6 holy swine (Pan)
  A storm dragon zombie (Depths:2)
  332 sun demons
  20 sixfirhies
  19 wretched stars
  2 skeletal warriors (WizLab)
  5 iron trolls
  A shadow wraith (Abyss:1)
  2 spatial maelstroms
  A golden dragon zombie (Abyss:1)
  15 cherubim (Pan)
  11 deep trolls
  A flayed ghost (Depths:1)
  A bunyip zombie (Abyss:1)
  A wizard (Abyss:1)
  6 glowing orange brains
  A tengu zombie (Depths:2)
  An anaconda skeleton (Abyss:1)
  2 shadow demons (Pan)
  2 orc knights (D:15)
  A mana viper (shapeshifter) (Depths:3)
  63 large abominations
  2 necromancers (Depths:2)
  Pikel (D:9)
  A phantasmal warrior (WizLab)
  2 deep elf pyromancers
  4 manticores
  An orc sorcerer (Abyss:1)
  4 cyclopes
  28 ugly things
  20 moths of wrath
  3 shining eyes
  A wolf spider (D:15)
  11 worldbinders
  A centaur zombie (Abyss:1)
  2 rust devils
  A will-o-the-wisp (Abyss:1)
  3 apocalypse crabs
  An eye of devastation (Pan)
  A guardian serpent (Abyss:3)
  A gargoyle (D:11)
  2 centaur skeletons (Abyss:1)
  36 smoke demons
  A torpor snail (shapeshifter) (Depths:3)
  103 orange demons
  An unseen horror (Abyss:1)
  An orc skeleton (Abyss:1)
  A cane toad (shapeshifter) (Abyss:1)
  2 hellions
  5 demonic crawlers
  2 komodo dragons (D:12)
  4 tengu conjurers
  114 efreet
  6 tormentors
  2 freezing wraiths
  2 yaktaurs (shapeshifter)
  29 ancient zymes
  4 red devils
  4 trolls
  10 hellwings
  2 harpy zombies (Abyss:1)
  A queen bee (shapeshifter) (Depths:3)
  3 meliai (D:15)
  An ettin zombie (Abyss:1)
  A blink frog (D:7)
  66 raiju
  Sigmund (D:2)
  9 flying skulls
  24 slime creatures
  A centaur simulacrum (Abyss:3)
  A spriggan (shapeshifter) (Abyss:1)
  A spriggan (Depths:4)
  2 shadows
  2 vampires (D:12)
  96 ynoxinuls
  18 water elementals
  13 wraiths
  21 yaks
  10 golden eyes
  12 fire bats
  5 vampire mosquitoes
  A basilisk (D:15)
  4 steam dragons
  26 neqoxecs
  A warg (D:15)
  22 chaos spawn
  2 spatial vortices
  A warg (shapeshifter) (Abyss:1)
  A naga zombie (Abyss:1)
  6 hell hounds (Abyss:1)
  4 acid dragons
  A human skeleton (Depths:2)
  A water moccasin (D:4)
  A black bear (D:6)
  An ettin simulacrum (Abyss:1)
  4 ice beasts
  8 orc warriors
  4 sky beasts
  2 ogres
  12 centaurs
  2 phantoms
  Blork the orc (D:6)
  2 kobold brigands (D:10)
  A bullfrog (D:7)
  4 gnoll sergeants
  4 scorpions
  2 naga simulacra (Abyss:1)
  4 earth elementals (Abyss:1)
  18 wights
  3 killer bees (D:10)
  An electric eel (D:8)
  5 howler monkeys
  9 crimson imps
  9 hounds
  10 quasits
  A gnoll bouda (D:5)
  11 orc priests
  6 jellies
  98 starcursed masses
  2 iron imps (Abyss:1)
  A sleepcap (D:5)
  5 iguanas
  13 orc wizards
  64 small abominations
  30 gnolls
  7 adders
  2 shadow imps
  9 white imps
  12 ufetubi
  A worm (D:2)
  5 dart slugs
  46 orcs
  12 endoplasms
  7 giant cockroaches
  5 hobgoblins
  3 jackals (D:4)
  2 quokkas (D:4)
  9 ball pythons
  3 bats (D:1)
  2 frilled lizards
  5 goblins
  19 kobolds
  4 rats
  A lurking horror (Abyss:1)
  A spectral weapon (Depths:2)
  37 starspawn tentacles
2498 creatures vanquished.

Vanquished Creatures (collateral kills)
  A caustic shrike (Depths:4)
  An angel (Pan)
  An ophan (Pan)
  A quokka (D:5)
4 creatures vanquished.

Vanquished Creatures (others)
  A juggernaut (Depths:4)
  A quicksilver dragon (Zot:1)
  2 demonspawn warmongers (Pan)
  2 daevas (Pan)
  A draconian knight (Zot:4)
  A draconian scorcher (Zot:4)
  A balrug (Pan)
  2 draconian annihilators (Zot:4)
  3 angels
  A very ugly thing (Depths:2)
  A reaper (Pan)
  A green draconian (Zot:4)
  A demonspawn black sun (Zot:4)
  A lorocyproca (Pan)
  2 black draconians
  A purple draconian (Zot:4)
  2 red draconians (Zot:4)
  A jiangshi (Abyss:1)
  A rakshasa (D:13)
  An ice dragon (Depths:3)
  A vampire mage (Depths:2)
  A spriggan berserker (Depths:2)
  3 large abominations
  12 sun demons
  A cherub (Pan)
  An ugly thing (D:14)
  2 moths of wrath
  A freezing wraith (D:14)
  A water elemental (Depths:3)
  2 ynoxinuls (Pan)
  A human (D:14)
  A fire bat (Abyss:3)
  A neqoxec (Abyss:1)
  An acid dragon (Depths:3)
  A hell hound (D:1)
  2 centaurs (D:11)
  2 orc wizards
  4 foxfires (Abyss:1)
  7 lurking horrors
  70 plants
  37 starspawn tentacles
179 creatures vanquished.

Grand Total: 2681 creatures vanquished

Notes
Turn   | Place    | Note
-------+----------+-------------------------------------------
     0 | D:1      | Flugkiller the Minotaur Fighter began the quest for the
                  | Orb.
     0 | D:1      | Reached XP level 1. HP: 19/19 MP: 0/0
    37 | D:1      | Found Xogatut's Weapon Shop.
   175 | D:1      | Reached XP level 2. HP: 27/27 MP: 1/1
   324 | D:1      | Found a faded altar of an unknown god.
  1046 | D:2      | Noticed Sigmund
  1059 | D:2      | Killed Sigmund
  1060 | D:2      | Reached skill level 5 in Fighting
  1060 | D:2      | Reached skill level 5 in Armour
  1060 | D:2      | Reached XP level 3. HP: 31/36 MP: 2/2
  1060 | D:2      | Reached XP level 4. HP: 36/42 MP: 3/3
  1060 | D:2      | Reached XP level 5. HP: 42/48 MP: 4/4
  1078 | D:2      | Found a hazy altar of Hepliaklqana.
  1822 | D:3      | Reached XP level 6. HP: 45/56 MP: 5/5
  2006 | D:3      | Reached skill level 5 in Axes
  2072 | D:3      | Found an iron altar of Okawaru.
  2610 | D:3      | You fall into a shaft and drop 3 floors!
  2615 | D:5      | Entered Level 5 of the Dungeon
  2625 | D:5      | Reached XP level 7. HP: 50/62 MP: 6/6
  2641 | D:5      | Reached skill level 5 in Shields
  3512 | D:4      | Gained mutation: You occasionally lose the ability to read
                  | scrolls when taking damage. [potion of mutation]
  3512 | D:4      | Gained mutation: You are vulnerable to cold. (rC-) [potion
                  | of mutation]
  3512 | D:4      | Gained mutation: Your spells are a little harder to cast,
                  | but a little more powerful. [potion of mutation]
  3515 | D:4      | Reached XP level 8. HP: 30/73 MP: 7/7
  3548 | D:4      | Lost mutation: You occasionally lose the ability to read
                  | scrolls when taking damage. [potion of mutation]
  3548 | D:4      | Lost mutation: You are vulnerable to cold. (rC-) [potion of
                  | mutation]
  3548 | D:4      | Gained mutation: You have sharp fingernails. [potion of
                  | mutation]
  3548 | D:4      | Gained mutation: You have a pair of large horns on your
                  | head. [potion of mutation]
  3548 | D:4      | Gained mutation: You are strong-willed. (Will+) [potion of
                  | mutation]
  3886 | D:5      | Found a staircase to the Ecumenical Temple.
  3902 | Temple   | Entered the Ecumenical Temple
  3951 | Temple   | Became a worshipper of Ru the Awakened
  4082 | D:5      | Found a shimmering altar of Xom.
  4437 | D:6      | Noticed Blork the orc
  4449 | D:6      | Killed Blork the orc
  4553 | D:6      | Reached XP level 9. HP: 75/82 MP: 8/8
  4869 | D:6      | Gained mutation: You cannot be stealthy. [Ru sacrifice]
  4886 | D:6      | Found a stormy altar of Qazlal.
  4886 | D:6      | Found a hide-covered altar of Uskayaw.
  4886 | D:6      | Found a basalt altar of Yredelemnul.
  5254 | D:7      | Noticed Maggie
  5258 | D:7      | Found an opulent altar of Gozag.
  5280 | D:7      | Maggie changed into Maggie the blink frog
  5280 | D:7      | Noticed Maggie
  5320 | D:7      | Killed Maggie the blink frog
  5327 | D:7      | Reached skill level 1 in Evocations
  5868 | D:8      | Reached XP level 10. HP: 88/92 MP: 9/9
  6302 | D:8      | Reached skill level 10 in Armour
  6304 | D:8      | Reached skill level 10 in Fighting
  6740 | D:9      | Noticed a two-headed ogre
  6751 | D:9      | Killed a two-headed ogre
  6758 | D:9      | Reached skill level 10 in Axes
  7004 | D:9      | Noticed a cyclops
  7024 | D:9      | Killed a cyclops
  7163 | D:9      | Lost mutation: You are strong-willed. (Will+) [Ru
                  | sacrifice]
  7163 | D:9      | Gained mutation: You are slightly weak-willed. (Will-) [Ru
                  | sacrifice]
  7163 | D:9      | Reached * piety under Ru
  7163 | D:9      | Reached ** piety under Ru
  7163 | D:9      | Reached *** piety under Ru
  7442 | D:9      | Noticed Pikel
  7460 | D:9      | Killed Pikel
  7630 | D:10     | Entered Level 10 of the Dungeon
  7654 | D:10     | Noticed a red ugly thing
  7670 | D:10     | Killed a red ugly thing
  7671 | D:10     | Reached XP level 11. HP: 59/100 MP: 10/10
  7909 | D:10     | Noticed a boulder beetle
  7922 | D:10     | Killed a boulder beetle
  8011 | D:10     | Noticed an oklob plant
  8172 | D:10     | Reached skill level 5 in Evocations
  8271 | D:10     | Found a staircase to the Lair.
  8465 | D:10     | Noticed an oklob plant
  8559 | D:11     | Noticed a two-headed ogre
  8572 | D:11     | Killed a two-headed ogre
  9104 | D:11     | Found a staircase to the Orcish Mines.
  9149 | D:11     | Gained mutation: You are somewhat inexperienced. (-1 XL)
                  | [Ru sacrifice]
  9149 | D:11     | Reached XP level 10. HP: 97/97 MP: 9/9
  9149 | D:11     | Reached **** piety under Ru
  9149 | D:11     | Reached ***** piety under Ru
  9356 | D:12     | Noticed a green ugly thing
  9371 | D:12     | Killed a green ugly thing
  9654 | D:12     | Reached XP level 11. HP: 95/105 MP: 10/10
  9734 | D:12     | Noticed a two-headed ogre
  9740 | D:12     | Killed a two-headed ogre
 10152 | D:12     | Noticed a two-headed ogre
 10158 | D:12     | Killed a two-headed ogre
 10585 | D:13     | Noticed a rakshasa
 10610 | D:13     | Killed a rakshasa
 10619 | D:13     | Noticed a centaur warrior
 10632 | D:13     | Killed a centaur warrior
 10818 | D:13     | Identified the +6 falchion of Momm {flame, *Noise rPois
                  | rN++ Will+}
 10893 | D:13     | Noticed a two-headed ogre
 10898 | D:13     | Killed a two-headed ogre
 11075 | D:13     | Noticed a centaur warrior
 11087 | D:13     | Killed a centaur warrior
 11402 | D:14     | Noticed a centaur warrior
 11412 | D:14     | Killed a centaur warrior
 11421 | D:14     | Found a gate leading to a gauntlet.
 11438 | Gauntlet | Entered a Gauntlet
 11438 | Gauntlet | Found a transporter.
 11438 | Gauntlet | Found a transporter.
 11444 | Gauntlet | Found a transporter.
 11457 | Gauntlet | Found a transporter.
 11474 | Gauntlet | Found a transporter.
 11476 | Gauntlet | Found a transporter.
 11476 | Gauntlet | Found a transporter.
 11477 | Gauntlet | Found a transporter.
 11479 | Gauntlet | Noticed a reaper
 11488 | Gauntlet | Found a transporter.
 11504 | Gauntlet | Found a transporter.
 11514 | Gauntlet | Found a transporter.
 11531 | Gauntlet | Found a transporter.
 11568 | Gauntlet | Found a transporter.
 11568 | Gauntlet | Found a transporter.
 11625 | Gauntlet | Identified the amulet of the Sun {rElec Regen+ rCorr Int-4
                  | Slay+3}
 11847 | Gauntlet | Identified the ring "Enkalo" {rN+ Str+2}
 11853 | Gauntlet | Identified the ring "Zuriaf" {Will+ rCorr Dex+3}
 11888 | Gauntlet | Noticed a minotaur
 11899 | Gauntlet | Killed a minotaur
 11900 | Gauntlet | Reached XP level 12. HP: 85/118 MP: 11/11
 11921 | Gauntlet | Identified the +0 cloak of Servitude {SInv}
 12132 | D:14     | Noticed Kirke
 12278 | D:14     | Noticed Josephine
 12289 | D:14     | Killed Josephine
 12585 | D:14     | Reached skill level 15 in Fighting
 12585 | D:14     | Reached skill level 15 in Armour
 12742 | D:14     | Killed Kirke
 12934 | D:14     | Found a gate to the Vaults.
 13119 | D:15     | Entered Level 15 of the Dungeon
 13197 | D:15     | Reached skill level 15 in Axes
 13870 | D:15     | Found a staircase to the Depths.
 13870 | D:15     | Noticed a dire elephant
 13899 | D:15     | Killed a dire elephant
 14153 | D:15     | Found a white marble altar of Elyvilon.
 14324 | Depths:1 | Entered Level 1 of the Depths
 14324 | Depths:1 | Noticed a stone giant
 14324 | Depths:1 | Noticed a brown very ugly thing
 14324 | Depths:1 | Noticed a brown very ugly thing
 14324 | Depths:1 | Noticed a brown very ugly thing
 14324 | Depths:1 | Noticed a fire dragon
 14327 | Depths:1 | Killed a brown very ugly thing
 14335 | D:15     | Killed a red very ugly thing
 14336 | D:15     | Reached XP level 13. HP: 69/128 MP: 4/12
 14491 | D:15     | Killed a purple very ugly thing
 14621 | Depths:1 | Killed a stone giant
 14906 | Depths:1 | Noticed a lich
 14934 | Depths:1 | Killed a lich
 15121 | Depths:1 | Found Papos Gyd's Book Shoppe.
 15328 | Depths:1 | Noticed a frost giant
 15343 | Depths:1 | Killed a frost giant
 15412 | Depths:1 | Found Biheetuh's Book Shoppe.
 15414 | Depths:1 | Found Syackas's Jewellery Shop.
 15477 | Depths:1 | Gained mutation: You cannot study or cast Poison magic. [Ru
                  | sacrifice]
 15477 | Depths:1 | Gained mutation: You cannot study or cast Transmutations
                  | magic. [Ru sacrifice]
 15477 | Depths:1 | Gained mutation: You cannot study or cast Necromancy magic.
                  | [Ru sacrifice]
 15541 | Depths:1 | Found a hide-covered altar of Uskayaw.
 15736 | Depths:1 | Noticed a red very ugly thing
 15736 | Depths:1 | Noticed a red very ugly thing
 15770 | Depths:1 | Killed a red very ugly thing
 15861 | Depths:1 | Noticed a red very ugly thing
 15861 | Depths:1 | Noticed a red very ugly thing
 15861 | Depths:1 | Noticed a red very ugly thing
 15862 | Depths:1 | Noticed a red very ugly thing
 15881 | Depths:1 | Killed a red very ugly thing
 15882 | Depths:1 | Noticed a red very ugly thing
 15891 | Depths:1 | Killed a purple very ugly thing
 15900 | Depths:1 | Killed a purple very ugly thing
 15912 | Depths:1 | Killed a red very ugly thing
 15917 | Depths:1 | Killed a white very ugly thing
 15922 | Depths:1 | Killed a brown very ugly thing
 16252 | Depths:1 | Found a gateway to Hell.
 16601 | Depths:2 | Found Hiul's Assorted Antiques.
 16601 | Depths:2 | Found Vydwaemn's Antique Armour Shoppe.
 16603 | Depths:2 | Found Sejoxat's Jewellery Shoppe.
 16604 | Depths:2 | Found Peedd's Distillery.
 16605 | Depths:2 | Noticed a stone giant
 16626 | Depths:2 | Killed a stone giant
 16666 | Depths:2 | You fall into a shaft and drop 2 floors!
 16666 | Depths:4 | Entered Level 4 of the Depths
 16722 | Depths:4 | Noticed a tengu reaver
 16722 | Depths:4 | Noticed a caustic shrike
 16723 | Depths:4 | Noticed a caustic shrike
 16724 | Depths:4 | Noticed a caustic shrike
 16728 | Depths:4 | Killed a tengu reaver
 16729 | Depths:4 | Reached XP level 14. HP: 116/127 MP: 4/13
 16731 | Depths:4 | Killed a caustic shrike
 16739 | Depths:4 | Killed a caustic shrike
 16744 | Depths:4 | Killed a caustic shrike
 16854 | Depths:4 | Noticed a fire giant
 16867 | Depths:4 | Killed a fire giant
 16951 | Depths:4 | Noticed the Enchantress
 16958 | Depths:4 | Killed the Enchantress
 17029 | Depths:4 | Found a magical portal.
 17038 | WizLab   | Entered Borgnjor's Mausoleum
 17152 | WizLab   | Noticed a revenant
 17153 | WizLab   | Noticed a revenant
 17239 | Depths:4 | Noticed a fire giant
 17249 | Depths:4 | Killed a fire giant
 17460 | Depths:3 | Noticed a fire giant
 17467 | Depths:3 | Killed a fire giant
 17541 | Depths:3 | Noticed a fire giant
 17801 | Depths:3 | Killed a fire giant
 18020 | Depths:3 | Found a one-way gate to the infinite horrors of the Abyss.
 18032 | Depths:3 | Noticed a caustic shrike
 18032 | Depths:3 | Noticed a frost giant
 18043 | Depths:3 | Killed a caustic shrike
 18198 | Depths:3 | Noticed a sphinx
 18216 | Depths:3 | Killed a sphinx
 18571 | Depths:3 | Noticed a golden dragon
 18585 | Depths:3 | Killed a golden dragon
 18797 | Depths:2 | Gained mutation: Your magical capacity is low. (-10% MP)
                  | [Ru sacrifice]
 18797 | Depths:2 | Reached ****** piety under Ru
 18860 | Depths:2 | Found a one-way gateway to a ziggurat.
 18881 | Depths:2 | Reached XP level 15. HP: 155/155 MP: 12/12
 19070 | Depths:2 | Found a one-way gate leading to the halls of Pandemonium.
 19575 | Depths:2 | Noticed a storm dragon
 19592 | Depths:2 | Killed a storm dragon
 19808 | Depths:2 | Paralysed by a vampire knight for 3 turns
 19876 | Depths:2 | Noticed a juggernaut
 19895 | Depths:2 | Killed a juggernaut
 19949 | Depths:2 | Noticed a lich
 19979 | Depths:2 | Killed a lich
 20695 | Depths:3 | Noticed a titan
 20704 | Depths:3 | Noticed a walking earthen tome
 20754 | Depths:3 | Noticed a quicksilver dragon
 20787 | Depths:3 | Killed a quicksilver dragon
 21044 | Depths:3 | Noticed a lich
 21145 | Depths:3 | Killed a lich
 21374 | Depths:3 | Killed a titan
 21464 | Depths:3 | Noticed a tengu reaver
 21511 | Depths:3 | Killed a tengu reaver
 21512 | Depths:3 | Reached XP level 16. HP: 128/164 MP: 13/13
 21607 | Depths:3 | Noticed a golden dragon
 21621 | Depths:3 | Killed a golden dragon
 21661 | Depths:3 | Noticed a quicksilver dragon
 21694 | Depths:3 | Noticed a dread lich
 21707 | Depths:3 | Killed a dread lich
 21772 | Depths:3 | Noticed a walking divine tome
 21782 | Depths:3 | Killed a walking divine tome
 21869 | Depths:3 | Killed a walking earthen tome
 21905 | Depths:3 | Noticed a tentacled monstrosity
 21914 | Depths:3 | Killed a tentacled monstrosity
 21985 | Depths:3 | Identified the ring "Nalemet" {Ice rCorr Str+3 Dex-4 SInv}
 22077 | Depths:3 | Identified the +0 robe of the Trees {Harm SInv Stlth+
                  | Archmagi}
 22532 | Depths:4 | Noticed a lich
 22540 | Depths:3 | Reached skill level 1 in Dodging
 22607 | Depths:3 | Killed a lich
 22903 | Depths:4 | Noticed a titan
 22924 | Depths:3 | Killed a titan
 23002 | Depths:4 | Noticed a titan
 23013 | Depths:3 | Killed a titan
 23255 | Depths:4 | Identified the staff of poison "Laliu" {Fragile +Blink
                  | rPois Str+6 Dex+3}
 23401 | Depths:4 | Reached skill level 5 in Dodging
 23485 | Depths:4 | Noticed a golden dragon
 23509 | Depths:4 | Killed a golden dragon
 23564 | Depths:4 | Found a gate to the Realm of Zot.
 23712 | Depths:4 | Noticed Saint Roka
 23718 | Depths:4 | Noticed a juggernaut
 23738 | Depths:4 | Killed Saint Roka
 23741 | Depths:4 | Killed a juggernaut
 24087 | Depths:3 | Killed a quicksilver dragon
 24112 | Depths:3 | Voluntarily entered the Abyss.
 24175 | Abyss:1  | Found a corrupted altar of Lugonu.
 24313 | Abyss:1  | Found a corrupted altar of Lugonu.
 24323 | Abyss:1  | Found a corrupted altar of Lugonu.
 24407 | Abyss:1  | Found a corrupted altar of Lugonu.
 24539 | Abyss:1  | Found a corrupted altar of Lugonu.
 24582 | Depths:3 | Escaped the Abyss
 24599 | Depths:3 | Voluntarily entered the Abyss.
 24620 | Abyss:1  | Found a corrupted altar of Lugonu.
 24814 | Abyss:1  | Found a bloodstained altar of Trog.
 24818 | Abyss:1  | Noticed a lich
 24861 | Abyss:1  | Noticed a bone dragon
 24877 | Abyss:1  | Killed a bone dragon
 24878 | Abyss:1  | Reached XP level 17. HP: 156/176 MP: 14/14
 24886 | Abyss:1  | Found a corrupted altar of Lugonu.
 24907 | Abyss:1  | Killed a lich
 24960 | Depths:3 | Escaped the Abyss
 24969 | Depths:3 | Voluntarily entered the Abyss.
 25004 | Abyss:1  | Found a corrupted altar of Lugonu.
 25074 | Abyss:1  | Found a corrupted altar of Lugonu.
 25091 | Depths:3 | Escaped the Abyss
 25093 | Depths:3 | Voluntarily entered the Abyss.
 25104 | Abyss:1  | Found a corrupted altar of Lugonu.
 25226 | Abyss:1  | Lost intelligence.
 25245 | Abyss:1  | Paralysed by accursed screaming for 1 turns
 25249 | Abyss:1  | Paralysed by accursed screaming for 1 turns
 25252 | Abyss:1  | Reached skill level 10 in Evocations
 25607 | Depths:3 | Escaped the Abyss
 25643 | Depths:3 | Voluntarily entered the Abyss.
 25689 | Abyss:1  | Reached skill level 10 in Dodging
 26001 | Abyss:1  | Noticed a bone dragon
 26020 | Abyss:1  | Killed a bone dragon
 26129 | Abyss:1  | Found a corrupted altar of Lugonu.
 26146 | Abyss:1  | Noticed a pearl dragon
 26158 | Abyss:1  | Killed a pearl dragon
 26197 | Abyss:1  | Noticed a bone dragon
 26214 | Abyss:1  | Killed a bone dragon
 26260 | Abyss:1  | Noticed a lich
 26265 | Abyss:1  | Killed a lich
 26403 | Abyss:1  | Found a corrupted altar of Lugonu.
 26421 | Abyss:1  | Found a corrupted altar of Lugonu.
 26568 | Abyss:1  | Found a broken altar of Ashenzari.
 26648 | Abyss:1  | Found a broken altar of Ashenzari.
 26833 | Abyss:1  | Found a corrupted altar of Lugonu.
 26943 | Depths:3 | Escaped the Abyss
 26946 | Depths:3 | Voluntarily entered the Abyss.
 27005 | Abyss:1  | Found a corrupted altar of Lugonu.
 27005 | Abyss:1  | Found a corrupted altar of Lugonu.
 27007 | Abyss:1  | Found a corrupted altar of Lugonu.
 27052 | Abyss:1  | Paralysed by accursed screaming for 1 turns
 27057 | Abyss:1  | Reached XP level 18. HP: 101/184 MP: 15/15
 27157 | Abyss:1  | Found a corrupted altar of Lugonu.
 27223 | Abyss:1  | Paralysed by accursed screaming for 1 turns
 27233 | Abyss:1  | Paralysed by accursed screaming for 2 turns
 27274 | Abyss:1  | Noticed a bone dragon
 27326 | Abyss:1  | Noticed a bone dragon
 27343 | Abyss:1  | Killed a bone dragon
 27404 | Abyss:1  | Lost intelligence.
 27525 | Abyss:1  | Reached skill level 15 in Dodging
 27531 | Depths:3 | Escaped the Abyss
 27535 | Depths:3 | Voluntarily entered the Abyss.
 27691 | Abyss:1  | Reached skill level 1 in Throwing
 27734 | Abyss:1  | Found a corrupted altar of Lugonu.
 27864 | Abyss:1  | Paralysed by accursed screaming for 1 turns
 27905 | Abyss:1  | Noticed a hellephant
 28066 | Abyss:1  | Lost intelligence.
 28090 | Depths:3 | Escaped the Abyss
 28352 | Depths:3 | Voluntarily entered the Abyss.
 28382 | Abyss:1  | Found a corrupted altar of Lugonu.
 28534 | Abyss:1  | Found a corrupted altar of Lugonu.
 28568 | Abyss:1  | Found a corrupted altar of Lugonu.
 28568 | Abyss:1  | Found a corrupted altar of Lugonu.
 28776 | Abyss:1  | Found a corrupted altar of Lugonu.
 29106 | Abyss:1  | Found a corrupted altar of Lugonu.
 29123 | Abyss:1  | Reached skill level 5 in Throwing
 29124 | Depths:3 | Escaped the Abyss
 29148 | Depths:3 | Voluntarily entered the Abyss.
 29439 | Abyss:1  | Paralysed by a great orb of eyes for 5 turns
 29624 | Abyss:1  | Noticed a bone dragon
 29644 | Abyss:1  | Killed a bone dragon
 29708 | Abyss:1  | Found a corrupted altar of Lugonu.
 29833 | Abyss:1  | Lost intelligence.
 30137 | Depths:3 | Escaped the Abyss
 30168 | Depths:3 | Voluntarily entered the Abyss.
 30207 | Abyss:1  | Found a corrupted altar of Lugonu.
 30365 | Depths:3 | Escaped the Abyss
 30412 | Depths:3 | Voluntarily entered the Abyss.
 30498 | Abyss:1  | Found a corrupted altar of Lugonu.
 30507 | Abyss:1  | Noticed an ancient lich
 30563 | Abyss:1  | Killed an ancient lich
 30744 | Depths:3 | Escaped the Abyss
 30823 | Depths:3 | Voluntarily entered the Abyss.
 31299 | Abyss:1  | Reached XP level 19. HP: 49/192 MP: 16/16
 31303 | Depths:3 | Escaped the Abyss
 31374 | Depths:3 | Voluntarily entered the Abyss.
 31582 | Abyss:1  | Found a corrupted altar of Lugonu.
 31611 | Abyss:1  | Gained mutation: You occasionally lose the ability to drink
                  | potions when taking damage. [a neqoxec]
 31935 | Depths:3 | Escaped the Abyss
 31963 | Depths:3 | Lost mutation: You occasionally lose the ability to drink
                  | potions when taking damage. [potion of mutation]
 31963 | Depths:3 | Lost mutation: Your spells are a little harder to cast, but
                  | a little more powerful. [potion of mutation]
 31963 | Depths:3 | Gained mutation: You are dopey. (Int -2) [potion of
                  | mutation]
 31963 | Depths:3 | Gained mutation: You are occasionally teleported next to
                  | monsters. [potion of mutation]
 31963 | Depths:3 | Gained mutation: Your natural rate of healing is unusually
                  | fast. [potion of mutation]
 31964 | Depths:3 | Lost mutation: You have a pair of large horns on your head.
                  | [potion of mutation]
 31964 | Depths:3 | Lost mutation: Your natural rate of healing is unusually
                  | fast. [potion of mutation]
 31964 | Depths:3 | Lost mutation: You have sharp fingernails. [potion of
                  | mutation]
 31964 | Depths:3 | Gained mutation: You are robust. (+10% HP) [potion of
                  | mutation]
 31964 | Depths:3 | Gained mutation: You are clumsy. (Dex -2) [potion of
                  | mutation]
 31965 | Depths:3 | Lost mutation: You are occasionally teleported next to
                  | monsters. [potion of mutation]
 31965 | Depths:3 | Lost mutation: You are robust. (+10% HP) [potion of
                  | mutation]
 31965 | Depths:3 | Lost mutation: You are clumsy. (Dex -2) [potion of
                  | mutation]
 31965 | Depths:3 | Gained mutation: Your body sometimes deteriorates upon
                  | taking damage. [potion of mutation]
 31965 | Depths:3 | Gained mutation: You occasionally lose the ability to read
                  | scrolls when taking damage. [potion of mutation]
 31965 | Depths:3 | Gained mutation: You are frail. (-10% HP) [potion of
                  | mutation]
 31965 | Depths:3 | Gained mutation: Your flesh is cold resistant. (rC+)
                  | [potion of mutation]
 31966 | Depths:3 | Lost mutation: You occasionally lose the ability to read
                  | scrolls when taking damage. [potion of mutation]
 31966 | Depths:3 | Lost mutation: Your flesh is cold resistant. (rC+) [potion
                  | of mutation]
 31966 | Depths:3 | Gained mutation: A frigid envelope surrounds you and
                  | freezes all who hurt you. [potion of mutation]
 31967 | Depths:3 | Lost mutation: A frigid envelope surrounds you and freezes
                  | all who hurt you. [potion of mutation]
 31967 | Depths:3 | Lost mutation: You are dopey. (Int -2) [potion of mutation]
 31967 | Depths:3 | Gained mutation: Your spells are a little harder to cast,
                  | but a little more powerful. [potion of mutation]
 31967 | Depths:3 | Gained mutation: You have large cloven feet. [potion of
                  | mutation]
 31967 | Depths:3 | Gained mutation: You are partially covered in large bone
                  | plates. (SH +4) [potion of mutation]
 31968 | Depths:3 | Lost mutation: Your spells are a little harder to cast, but
                  | a little more powerful. [potion of mutation]
 31968 | Depths:3 | Lost mutation: You are partially covered in large bone
                  | plates. (SH +4) [potion of mutation]
 31968 | Depths:3 | Gained mutation: You sometimes lose your temper in combat.
                  | [potion of mutation]
 31968 | Depths:3 | Lost mutation: You sometimes lose your temper in combat.
                  | [potion of mutation]
 32016 | Depths:2 | Bought a potion of mutation for 160 gold pieces
 32016 | Depths:2 | Lost mutation: You have large cloven feet. [potion of
                  | mutation]
 32016 | Depths:2 | Lost mutation: Your body sometimes deteriorates upon taking
                  | damage. [potion of mutation]
 32016 | Depths:2 | Lost mutation: You are frail. (-10% HP) [potion of
                  | mutation]
 32016 | Depths:2 | Gained mutation: You are agile. (Dex +4, Str/Int -1)
                  | [potion of mutation]
 32016 | Depths:2 | Gained mutation: You have supernaturally acute eyesight.
                  | (SInv) [potion of mutation]
 32034 | Depths:2 | Bought a glowing scarf for 168 gold pieces
 32041 | Depths:2 | Bought a wand of roots (6) for 489 gold pieces
 32093 | Depths:3 | Voluntarily entered the Abyss.
 32144 | Abyss:2  | Noticed an ancient lich
 32168 | Abyss:2  | Killed an ancient lich
 32320 | Abyss:2  | Found a shimmering altar of Xom.
 32323 | Abyss:2  | Found a shimmering altar of Xom.
 32323 | Abyss:2  | Found a shimmering altar of Xom.
 32460 | Abyss:3  | Found a corrupted altar of Lugonu.
 32651 | Abyss:3  | Reached skill level 10 in Throwing
 32772 | Abyss:3  | Paralysed by accursed screaming for 1 turns
 32961 | Abyss:3  | Noticed a bone dragon
 32985 | Abyss:3  | Killed a bone dragon
 33034 | Abyss:3  | Gained mutation: You are weak. (Str -2) [a cacodemon]
 33101 | Abyss:3  | Noticed a dread lich
 33121 | Abyss:3  | Killed a dread lich
 33149 | Depths:3 | Escaped the Abyss
 33365 | Depths:3 | Voluntarily entered the Abyss.
 33371 | Abyss:3  | Noticed a bone dragon
 33394 | Abyss:3  | Killed a bone dragon
 33400 | Abyss:3  | Reached skill level 15 in Evocations
 33558 | Abyss:3  | Noticed a bone dragon
 33586 | Abyss:3  | Killed a bone dragon
 33641 | Depths:3 | Escaped the Abyss
 33700 | Depths:3 | Voluntarily entered the Abyss.
 33700 | Abyss:3  | Found a corrupted altar of Lugonu.
 33735 | Abyss:3  | Found a corrupted altar of Lugonu.
 33811 | Abyss:3  | Found a corrupted altar of Lugonu.
 33887 | Abyss:3  | Reached XP level 20. HP: 191/200 MP: 17/17
 33901 | Abyss:3  | Noticed a dread lich
 33901 | Abyss:3  | Noticed a dread lich
 33904 | Abyss:3  | Noticed a dread lich
 33907 | Abyss:3  | Killed a dread lich
 33916 | Abyss:3  | Paralysed by accursed screaming for 1 turns
 33921 | Abyss:3  | Killed a dread lich
 33924 | Abyss:3  | Killed a dread lich
 33933 | Abyss:3  | Got an abyssal rune of Zot
 33945 | Depths:3 | Escaped the Abyss
 34045 | Pan      | Entered Pandemonium
 34323 | Pan      | Identified a scroll of acquirement
 34323 | Pan      | Acquired a manual of Shields
 34990 | Pan      | Reached skill level 15 in Throwing
 35040 | Pan      | Reached skill level 10 in Shields
 35085 | Pan      | Entered the realm of Cerebov.
 35573 | Pan      | Got Kusaer's Octavo of Called Lamentation
 35641 | Pan      | Found the +6 sword of Cerebov {flame}
 35641 | Pan      | Noticed Cerebov
 35731 | Pan      | Identified the ring of Xom's Capriciousness {rElec MP+9
                  | Int+4 SInv}
 35861 | Pan      | Found an exit through the horrors of the Abyss.
 35886 | Pan      | Reached skill level 15 in Shields
 36446 | Pan      | Found an exit through the horrors of the Abyss.
 36900 | Pan      | Identified the amulet of Zeicw {Reflect rPois rF+ rN+ Str-4
                  | SH+5}
 37134 | Pan      | Reached XP level 21. HP: 160/204 MP: 17/17
 37298 | Pan      | Found an exit through the horrors of the Abyss.
 38038 | Pan      | Found an exit through the horrors of the Abyss.
 38600 | Pan      | Found an exit through the horrors of the Abyss.
 39040 | Pan      | Found an exit through the horrors of the Abyss.
 39742 | Pan      | Found an exit through the horrors of the Abyss.
 40276 | Pan      | Found an exit through the horrors of the Abyss.
 40866 | Pan      | Found an exit through the horrors of the Abyss.
 41873 | Pan      | Found an exit through the horrors of the Abyss.
 42302 | Pan      | Found an exit through the horrors of the Abyss.
 42841 | Pan      | Reached XP level 22. HP: 222/222 MP: 18/18
 43040 | Pan      | Found an exit through the horrors of the Abyss.
 43332 | Pan      | Found an exit through the horrors of the Abyss.
 43897 | Pan      | Found an exit through the horrors of the Abyss.
 44224 | Pan      | Found an exit through the horrors of the Abyss.
 44417 | Pan      | Found an exit through the horrors of the Abyss.
 44762 | Pan      | Found an exit through the horrors of the Abyss.
 45475 | Pan      | Found an exit through the horrors of the Abyss.
 45944 | Pan      | Found an exit through the horrors of the Abyss.
 46503 | Pan      | Found an exit through the horrors of the Abyss.
 46665 | Pan      | Found an exit through the horrors of the Abyss.
 47255 | Pan      | Found an exit through the horrors of the Abyss.
 47814 | Pan      | Found an exit through the horrors of the Abyss.
 48438 | Pan      | Found an exit through the horrors of the Abyss.
 48840 | Pan      | Found an exit through the horrors of the Abyss.
 49555 | Pan      | Found an exit through the horrors of the Abyss.
 49932 | Pan      | Found an exit through the horrors of the Abyss.
 50348 | Pan      | Found an exit through the horrors of the Abyss.
 50697 | Pan      | Found an exit through the horrors of the Abyss.
 50939 | Pan      | Reached XP level 23. HP: 234/234 MP: 19/19
 51271 | Pan      | Found an exit through the horrors of the Abyss.
 51899 | Pan      | Found an exit through the horrors of the Abyss.
 52514 | Pan      | Found an exit through the horrors of the Abyss.
 53145 | Pan      | Found an exit through the horrors of the Abyss.
 53576 | Pan      | Found an exit through the horrors of the Abyss.
 53840 | Pan      | Found an exit through the horrors of the Abyss.
 54357 | Pan      | Found an exit through the horrors of the Abyss.
 54869 | Pan      | Found an exit through the horrors of the Abyss.
 55224 | Pan      | Identified the +7 chain mail of the Tarantula {+Blink +Inv
                  | Will+}
 55413 | Pan      | Found an exit through the horrors of the Abyss.
 56086 | Pan      | Found an exit through the horrors of the Abyss.
 56507 | Pan      | Found an exit through the horrors of the Abyss.
 56745 | Pan      | Found an exit through the horrors of the Abyss.
 57172 | Pan      | Found an exit through the horrors of the Abyss.
 57376 | Pan      | Found an exit through the horrors of the Abyss.
 57618 | Pan      | Found an exit through the horrors of the Abyss.
 58095 | Pan      | Found an exit through the horrors of the Abyss.
 58168 | Pan      | Reached XP level 24. HP: 247/247 MP: 19/19
 58412 | Pan      | Killed Cerebov
 58601 | Pan      | Identified the +4 short sword "Baid" {freeze, Fly}
 58603 | Pan      | Identified the +4 great mace "Jeanat" {holy, rPois rN+
                  | Will- Int+4}
 58618 | Pan      | Identified the staff of cold "Fema" {Contam rElec rC+ Will+
                  | Str+4}
 58633 | Pan      | Identified the +0 plate armour of Henotheism {Contam rPois
                  | rC+++ Int-5}
 58648 | Pan      | Got a fiery rune of Zot
 58726 | Pan      | Took an exit into the Abyss.
 58726 | Abyss:3  | Escaped into the Abyss
 58797 | Depths:2 | Escaped the Abyss
 59125 | Pan      | Entered Pandemonium
 59304 | Pan      | Found a runed translucent door.
 60439 | Pan      | Noticed Zikuos the pandemonium lord
 60463 | Pan      | Killed Zikuos the pandemonium lord
 60611 | Pan      | Entered the realm of Mnoleg.
 60772 | Pan      | Gained mutation: Armour fits poorly on your strangely
                  | shaped body. [a cacodemon]
 60775 | Pan      | Gained mutation: You sometimes lose your temper in combat.
                  | [a neqoxec]
 60777 | Pan      | Gained mutation: You occasionally lose the ability to drink
                  | potions when taking damage. [a neqoxec]
 60786 | Pan      | Gained mutation: You are very weak. (Str -4) [a neqoxec]
 60791 | Pan      | Lost mutation: You sometimes lose your temper in combat. [a
                  | neqoxec]
 60794 | Pan      | Gained mutation: You sometimes lose the ability to drink
                  | potions when taking damage. [a shining eye]
 60890 | Pan      | Gained mutation: Your spells are a little easier to cast,
                  | but a little less powerful. [a cacodemon]
 60900 | Pan      | Gained mutation: Your body sometimes deteriorates upon
                  | taking damage. [a cacodemon]
 60957 | Pan      | Lost mutation: You have supernaturally acute eyesight.
                  | (SInv) [potion of mutation]
 60957 | Pan      | Lost mutation: You are very weak. (Str -4) [potion of
                  | mutation]
 60957 | Pan      | Gained mutation: Your body often deteriorates upon taking
                  | damage. [potion of mutation]
 60998 | Pan      | Noticed a seraph
 61009 | Pan      | Killed a seraph
 61010 | Pan      | Reached skill level 27 in Fighting
 61010 | Pan      | Found a glowing golden altar of the Shining One.
 61013 | Pan      | Identified the +9 arbalest of Anxiety {flame, rC+ Str+4
                  | Int+4}
 61027 | Pan      | Reached skill level 27 in Armour
 61063 | Pan      | Got a demonic rune of Zot
 61066 | Pan      | Identified the ring "Kucvur" {rF- Will++ SInv}
 61068 | Pan      | Identified the +2 plate armour "Siceosa" {Will+}
 61071 | Pan      | Identified the staff of death "Borhuiphopoi" {rPois rC+ rN+
                  | Str-4 Int+4}
 61085 | Pan      | Identified the +7 broad axe of Ysudolun {elec, Str+2}
 61805 | Pan      | Found a glowing silver altar of Zin.
 63103 | Pan      | Reached XP level 25. HP: 257/257 MP: 19/19
 63375 | Pan      | Found a white marble altar of Elyvilon.
 63530 | Depths:2 | Escaped Pandemonium
 63667 | Zot:1    | Entered Level 1 of the Realm of Zot
 63720 | Zot:1    | You fall into a shaft and drop 1 floor!
 64376 | Zot:2    | Noticed Grunn
 65313 | Zot:2    | Killed Grunn
 65554 | Zot:2    | Lost mutation: Armour fits poorly on your strangely shaped
                  | body. [potion of mutation]
 65554 | Zot:2    | Lost mutation: You sometimes lose the ability to drink
                  | potions when taking damage. [potion of mutation]
 65554 | Zot:2    | Lost mutation: Your spells are a little easier to cast, but
                  | a little less powerful. [potion of mutation]
 65554 | Zot:2    | Gained mutation: You have large cloven feet. [potion of
                  | mutation]
 65824 | Zot:2    | Identified the +10 dagger "Ewesau" {holy, Dex+3}
 65869 | Zot:3    | Noticed an orb of fire
 65914 | Zot:3    | Noticed an orb of fire
 66195 | Zot:3    | Gained mutation: Your magical capacity is very low. (-20%
                  | MP) [an orb of fire]
 66202 | Zot:3    | Gained mutation: You are dopey. (Int -2) [an orb of fire]
 66206 | Zot:3    | Killed an orb of fire
 66288 | Zot:3    | Lost mutation: You are agile. (Dex +4, Str/Int -1) [an orb
                  | of fire]
 66296 | Zot:3    | Gained mutation: You sometimes lose your temper in combat.
                  | [an orb of fire]
 66296 | Zot:3    | Noticed an orb of fire
 66299 | Zot:3    | Killed an orb of fire
 66302 | Zot:3    | Killed an orb of fire
 66826 | Zot:3    | Noticed Parghit
 67506 | Zot:3    | Killed Parghit
 67838 | Zot:4    | Noticed an orb of fire
 67937 | Zot:4    | Reached XP level 26. HP: 208/225 MP: 17/17
 68461 | Zot:4    | Noticed an orb of fire
 68475 | Zot:4    | Gained mutation: Your spells are a little easier to cast,
                  | but a little less powerful. [an orb of fire]
 68480 | Zot:4    | Killed an orb of fire
 68567 | Zot:4    | Identified the +8 whip "Coemput" {flame, rElec rF+++ Int-5
                  | Stlth-}
 68568 | Zot:4    | Got the Incunabulum of The Black Sun
 68710 | Zot:4    | Identified the amulet of Xoeda {Acrobat -Tele Str+3 Dex+6}
 68929 | Zot:5    | Entered Level 5 of the Realm of Zot
 69320 | Zot:5    | Noticed a dread lich
 69320 | Zot:5    | Noticed an orb of fire
 69321 | Zot:5    | Noticed an orb of fire
 69325 | Zot:5    | Got the Orb of Zot
 69729 | D:6      | Noticed Osuiklin the pandemonium lord
 69887 | D:1      | Gained mutation: Your spells are easier to cast, but less
                  | powerful. [a cacodemon]
 69897 | D:1      | gg
 69898 | D:$      | Escaped with the Orb!

Illustrated notes

#.# #.########.###. #.# #.#
###.##.. ######.#
##+######....... #......#
#........#...##. #.####.#
###..##...#..##. #.###..##
######..##....#....
#.##..#.###...##..##.....#..#
#.#..###.##...##..##'.##..##.
#.#...#.###.@.##..###.##..##.
#.#.#..## #.3.##..###....#..#
#......# #...##..##.h..#....
###.########h###..#....#..##.
#......##.hh##..h...#...##.
####.#....2h...⌠...#.......
#.##...[.†..............
#.#######..######.....##
#.#.#####'#####.#.....#


Turn 69897 on D:1: gg

Levels and vault maps discovered:
D:1:      dpeg_arrival_rooms_a, layout_loops_corners,
          nicolae_ecumenical_snake_handling, serial_shops,
          nicolae_shop_bloodbath_and_beyond, kennysheep_minor_cross,
          minivault_26, minmay_pentomino_v2
D:2:      layout_loops_corners, basic_altar, kennysheep_generic_room_12,
          uniq_sigmund
D:3:      layout_basic, okawaru_ov_weapons_minmay, serial_bayou_lagoon_a,
          grunt_ministairs_9, minmay_misc_feat_nine_boxes, dk_noncrumbling_3,
          chequers_arboretum
D:4:      layout_loops_ring, corner_web_ring
D:5:      layout_rooms, xom_teletrap_fun, minmay_temple_entry_overgrown
D:6:      layout_rooms, gammafunk_temple_overflow_claw, uniq_blork_the_orc
D:7:      layout_cave_pools, nicolae_gozag_cash_rules_everything_around_me,
          chequers_serial_rivers_marsh, minmay_fractal_squares_gapless_5,
          uniq_maggie
D:8:      layout_basic
D:9:      layout_gridville, minmay_statues_item, uniq_pikel
D:10:     layout_loops_cross, dpeg_oklobed_lair
D:11:     layout_basic, orc_0_dummy, serial_aquarium,
          aquarium_bridge_long_joined [aquarium_subvault_balcony,
          aquarium_subvault_wall, aquarium_subvault_window,
          aquarium_subvault_wall, aquarium_subvault_wall,
          aquarium_subvault_bridge], aquarium_bridge_square
          [aquarium_subvault_bridge, aquarium_subvault_wall,
          aquarium_subvault_bridge, aquarium_subvault_wall], aquarium_window_1,
          aquarium_window_2, aquarium_view_2b, kennysheep_generic_room_7
D:12:     layout_long_grid
D:13:     layout_irregular_city
D:14:     layout_loops_corners, erik_vaults_1, minmay_staircase_windowed_small,
          gauntlet_entry_generic, uniq_josephine, uniq_kirke
D:15:     hangedman_depths_entry_try_elsewhere_first, layout_basic,
          nicolae_elyvilon_temple_path
Temple:   nicolae_temple_superstar
Depths:1: layout_cave_shapes, chequers_big_river, hell_entry, minivault_16,
          minmay_tree_intersection, drop_trap, roderic_lattice_a,
          nicolae_uskayaw_suspiria, serial_bayou_shore_a, minmay_shop_grove
Depths:2: evilmike_marble_ring, layout_cave_pools, enter_ziggurat_a,
          grunt_hell_entry_dis_old, rand_demon_pan_entry_4, minmay_shoptagon
Depths:3: minmay_box_of_curves, layout_basic, abyss_entry, hangedman_geh_valley,
          infiniplex_staircase_zigzag_5, serial_bayou_shore_b
Depths:4: evilmike_zot_entry_gauntlet, layout_basic, mu_enter_wizlab_5,
          hangedman_coc_ice_floe, minmay_mirror_moons_of_madness,
          uniq_saint_roka, uniq_enchantress
Zot:1:    layout_onion_interference
Zot:2:    kennysheep_ambush_hall, layout_twisted_circle,
          st_small_dragon_hoard_3, uniq_grunn
Zot:3:    layout_misc_corridors, uniq_parghit
Zot:4:    dreamdust_black_sun_cult, layout_gridlike, st_single_dragon_hoard_4,
          nrook_zot_tub
Zot:5:    layout_misc_corridors

Skill      XL: |  1  2  3  4  5  6  7  8  9 10 11 12 13 14 15 16 17 18 19 20 21 22 23 24 25 26 |
---------------+-------------------------------------------------------------------------------+-----
Armour         | 5 7 8 9 11 14 16 17 19 21 22 24 25 26 27 | 27.0
Fighting       | 5 7 8 9 11 14 16 17 19 21 22 24 25 26 27 | 27.0
Axes           | 4 5 6 7 9 12 14 15 17 18 | 18.0
Shields        | 4 5 6 7 8 17 19 20 | 20.0
Evocations     | 2 4 6 9 11 13 15 | 15.0
Dodging        | 8 13 15 17 19 22 23 | 23.3
Throwing       | 8 12 15 17 19 21 22 | 22.2

Action                     |  1- 3 |  4- 6 |  7- 9 | 10-12 | 13-15 | 16-18 | 19-21 | 22-24 | 25-27 || total
---------------------------+-------+-------+-------+-------+-------+-------+-------+-------+-------++-------
  Melee: War axe           |    54 |   115 |   297 |   164 |       |       |       |       |       ||   630
         Headbutt          |     3 |    12 |    49 |   195 |   288 |   444 |   532 |   738 |   362 ||  2623
         Broad axe         |       |       |       |   605 |   981 |  1541 |  1559 |  2322 |   984 ||  7992
         Sacred scourge    |       |       |       |       |       |       |   148 |    86 |    31 ||   265
  Throw: Dart              |       |       |       |       |     1 |       |       |       |       ||     1
 Invoke: Sacrifice Stealth |       |       |     1 |       |       |       |       |       |       ||     1
         Draw Out Power    |       |       |       |     3 |     1 |     2 |     1 |       |     1 ||     8
         Sacrifice Essence |       |       |       |     1 |     1 |       |       |       |       ||     2
         Sacrifice Experie |       |       |       |     1 |       |       |       |       |       ||     1
         Power Leap        |       |       |       |     1 |     2 |     1 |       |       |       ||     4
         Reject Sacrifices |       |       |       |     1 |       |       |       |       |       ||     1
         Apocalypse        |       |       |       |     1 |     9 |     7 |    10 |     5 |     6 ||    38
         Sacrifice Arcana  |       |       |       |       |     1 |       |       |       |       ||     1
  Evoke: Wand              |       |       |     2 |     9 |    13 |     4 |    11 |    14 |     8 ||    61
         Piece from Xom's  |       |       |       |     4 |       |       |       |       |       ||     4
         Phantom mirror    |       |       |       |     1 |     1 |     1 |       |     2 |       ||     5
         Phial of floods   |       |       |       |     1 |       |       |       |       |       ||     1
    Use: Potion            |     1 |       |     6 |     3 |     1 |     1 |    15 |    10 |     7 ||    44
         Scroll            |       |       |     5 |    14 |     8 |     9 |     2 |     8 |     9 ||    55
   Stab: Invisible         |       |       |       |     3 |     7 |     5 |    10 |    23 |     7 ||    55
         Petrified         |       |       |       |    15 |       |       |       |       |       ||    15
         Distracted        |       |       |       |     4 |     6 |     5 |     7 |    22 |     8 ||    52
         Paralysed         |       |       |       |     3 |    25 |     3 |    18 |     7 |    34 ||    90
 Armour: Scale mail        |    23 |    50 |   113 |       |       |       |       |       |       ||   186
         Skin              |       |       |     2 |     3 |       |       |       |       |       ||     5
         Plate armour      |       |       |    57 |   307 |       |       |       |     5 |       ||   369
         Shadow dragon sca |       |       |       |    92 |   428 |       |       |       |       ||   520
         Quicksilver drago |       |       |       |       |    14 |   108 |       |       |       ||   122
         Gold dragon scale |       |       |       |       |       |   476 |   600 |   467 |   344 ||  1887
  Dodge: Dodged            |    20 |    57 |   155 |   409 |   386 |   579 |   631 |   652 |   339 ||  3228
  Block: Buckler           |    14 |    29 |    63 |   197 |   202 |   283 |   146 |       |       ||   934
         Kite shield       |       |       |       |       |       |       |   508 |   731 |       ||  1239
         Tower shield      |       |       |       |       |       |       |       |   645 |   671 ||  1316
         Reflection        |       |       |       |       |       |       |       |     4 |       ||     4
